AoeStats
← 鄙人張麻子

Nomad

505608956Analyzed
4v4 RM · 23d ago on Sep 10, 2026· 38m 56s· 8 players
Game mode
Random Map
Map size
231×231
Population
200
Speed
Normal
Resources
Standard
Victory
Conquest
Starting age
Dark Age
Ending age
Imperial Age
RankedLock teamsTeams togetherTeam positionsShared explorationLock speedFull tech treeHidden civsTurbo modeCheats
Victory
Defeat
🇹🇷 Ethiopians · Türkiye
1150
+11
🇨🇳 Turks · China
1098
+13
🇲🇽 Chinese · Mexico
1074
+14
🇵🇪 Japanese · Peru
1003
+18
🇹🇼 Vietnamese · Taiwan
1203
-20
🇹🇼 Poles · Taiwan
1033
-14
🇺🇸 Teutons · United States
959
-11
🇦🇺 Persians · Australia
956
-11
Gonnar
3:37 Loom
15:27 Feudal Age
20:02 Castle Age
18:27 Fletching
18:49 Fishing Lines
21:51 Forging
25:10 Bodkin Arrow
38:23 Double-Bit Axe
38:52 Gillnets
BAŞARAMADIM
4:16 Loom
4:57 Loom
13:13 Feudal Age
15:37 Double-Bit Axe
16:43 Fishing Lines
19:07 Castle Age
17:28 Fishing Lines
18:15 Fletching
19:52 Crossbowman
20:37 Thumb Ring
32:07 Imperial Age
30:21 Wheelbarrow
29:46 Gold Mining
29:46 Stone Mining
30:43 Horse Collar
30:56 Stone Mining
31:38 Squires
31:23 Arson
38:11 Elite Skirmisher
39:35 Hand Cart
40:00 Gold Shaft Mining
40:00 Stone Shaft Mining
T - T
5:09 Loom
14:26 Feudal Age
19:39 Castle Age
20:43 Fishing Lines
21:18 Double-Bit Axe
25:19 Bloodlines
34:07 Imperial Age
35:09 Conscription
MapacheZebra
7:09 Loom
16:36 Feudal Age
16:38 Man-at-Arms
18:43 Wheelbarrow
26:05 Fletching
26:27 Stone Mining
30:43 Double-Bit Axe
36:04 Castle Age
38:01 Hand Cart
38:12 Horse Collar
LoveCreamPie
4:29 Loom
14:02 Feudal Age
15:10 Double-Bit Axe
20:49 Castle Age
18:41 Stone Mining
18:41 Gold Mining
20:21 Forging
20:17 Scale Barding Armor
21:42 Bow Saw
21:01 Light Cavalry
21:51 Bloodlines
22:40 Iron Casting
23:30 Horse Collar
24:27 Chain Barding Armor
26:05 Crossbowman
31:51 Heavy Plow
34:55 Wheelbarrow
39:51 Imperial Age
noremorse
3:39 Loom
15:08 Feudal Age
17:02 Town Watch
20:14 Castle Age
19:46 Bloodlines
21:06 Husbandry
30:42 Wheelbarrow
29:56 Double-Bit Axe
29:54 Horse Collar
31:45 Hand Cart
36:17 Imperial Age
36:14 Scale Barding Armor
36:20 Forging
35:55 Cavalier
38:00 Savar
kingjohnkk
8:11 Loom
15:42 Feudal Age
17:55 Town Watch
鄙人張麻子
10:35 Loom
12:48 Feudal Age
14:43 Fletching
18:01 Wheelbarrow
18:21 Double-Bit Axe
21:22 Castle Age
20:04 Gold Mining
19:58 Horse Collar
21:27 Crossbowman
22:03 Bodkin Arrow
24:05 Bow Saw
30:17 Ballistics
31:04 Town Watch
32:31 Heavy Plow
37:59 Imperial Age
36:14 Stone Mining
36:59 Thumb Ring
38:27 Padded Archer Armor
38:52 Hand Cart
Connection lost

Rejoining the realm…

Still unreachable

The connection could not be restored.

Session expired

The server has moved on; the page needs a fresh start.